 Dungeon Crawl Stone Soup version 0.31-a0-1172-g9944ec47dd (webtiles) character file.

Game seed: 16574675225124377289

35 Lobster4 the Sneak (level 3, -1/29 HPs)
             Began as a Human Delver on Dec 10, 2023.
             Killed by divine providence
             ... invoked by an orc priest
              (11 damage)
             ... on level 4 of the Dungeon.
             The game lasted 00:02:11 (274 turns).

Lobster4 the Sneak (Human Delver)                    Turns: 274, Time: 00:02:11

Health: -1/29      AC:  3    Str: 12    XL:     3   Next: 55%
Magic:  3/3        EV: 12    Int: 10    God:
Gold:   7          SH:  0    Dex: 16    Spells: 2/2 levels left

rFire   . . .        a - +0 falchion
rCold   . . .        (no shield)
rNeg    . . .        b - +0 leather armour
rPois   +            (no helmet)
rElec   .            (no cloak)
rCorr   .            (no gloves)
SInv    .            (no boots)
Will    .....        (no amulet)
Stlth   +++          h - ring of poison resistance
HPRegen 0.24/turn    (no ring)
MPRegen 0.08/turn

%: no passive effects
@: no status effects
A: no striking features
a: no special abilities


You were on level 4 of the Dungeon.
You visited 1 branch of the dungeon, and saw 2 of its levels.

You collected 7 gold pieces.

Inventory:

Hand Weapons
 a - a +0 falchion (weapon)
Armour
 b - a +0 leather armour (worn)
Jewellery
 h - a ring of poison resistance (left hand)
Wands
 g - a wand of digging (3)
Scrolls
 c - a scroll of fog
 d - a scroll of revelation
Potions
 f - a potion of haste
 i - a potion of mutation {unknown}


   Skills:
 + Level 3.4 Fighting
 - Level 2.0 Long Blades
 + Level 1.4 Armour
 - Level 2.0 Dodging
 + Level 5.3 Stealth


You had 2 spell levels left.
You didn't know any spells.
Your spell library was empty.

Dungeon Overview and Level Annotations

Branches:
Dungeon (5/15)
 Temple: D:4-7

Altars:


Message History

You barely miss the quokka. The quokka misses you. The quokka bites you.
You closely miss the quokka. The quokka bites you.
You slash the quokka!
You kill the quokka!
The kobold shouts!
You start resting.
A kobold is nearby!
You hit the kobold.
You kill the kobold!
You see here a +0 dagger.
You start resting.
HP restored.
You now have 7 gold pieces.
Found an emerald potion.
i - an emerald potion An orc priest and an orc come into view.
The orc shouts!
You hear a shout!
An orc comes into view. It is wielding a +0 club.
The orc priest calls down the wrath of Beogh upon you.
Beogh smites you!
As you read the scroll of fear, it crumbles to dust.
You assume a fearsome visage.
The orc priest looks frightened!
The orc looks frightened! x2
There is a stone staircase leading down here.
You see here a hound skeleton.
You start resting.
An orc priest is nearby!
The orc priest hits you with a +0 short sword.
You hit the orc priest.
The orc priest is moderately wounded.
The orc priest hits you with a +0 short sword. x2
You hit the orc priest.
The orc priest is heavily wounded.
The orc priest invokes the aid of Beogh against you.
Pain shoots through your body!
You hit the orc priest.
The orc priest is severely wounded.
The orc priest invokes the aid of Beogh against you.
Beogh smites you!
You die...

..#............#
..#............#
..#............#
..'...รท>.......#
..#............#
..#............#
..#............#
+##............####
................@.#
....###...#####o###
...##..##..## #.#
...#........###.#
.#...........##.#
.#..........)##.#
.+.#........#...#
##.#........#####
.+.......>...#


You could see an orc priest.

Vanquished Creatures
  A hound (D:4)
  An endoplasm (D:4)
  A giant cockroach (D:5)
  A hobgoblin (D:5)
  A quokka (D:4)
  A kobold (D:4)
6 creatures vanquished.

Notes
Turn   | Place    | Note
-------+----------+-------------------------------------------
     0 | D:5      | Lobster4 the Human Delver began the quest for the Orb.
     0 | D:5      | Reached XP level 1. HP: 18/18 MP: 1/1
    11 | D:4      | Noticed a hound
    27 | D:4      | Killed a hound
    28 | D:4      | Reached skill level 1 in Armour
    28 | D:4      | Reached XP level 2. HP: 16/24 MP: 2/2
    28 | D:4      | Reached XP level 3. HP: 19/29 MP: 3/3
   274 | D:4      | Killed from afar by an orc priest

Illustrated notes

Levels and vault maps discovered:
D:4:      layout_basic, st_stairs_5, minmay_crossroads
D:5:      layout_loops_ring, uniq_blork_the_orc, uniq_crazy_yiuf_cottage,
          uniq_grinder

Skill      XL: |  1 |
---------------+----+-----
Armour         | 1 |  1.4
Fighting       | |  3.4
Long Blades    | |  2.0
Dodging        | |  2.0
Stealth        | |  5.3

Action                     || total
---------------------------++-------
  Melee: Falchion          ||    23
    Use: Scroll            ||     1
 Armour: Leather armour    ||    17
  Dodge: Dodged            ||     6

Table legend: (Time is in decaauts)
 A = Elapsed time spent in this place.
 B = Non-inter-level travel time spent in this place.
 C = Inter-level travel time spent in this place.
 D = Time resting spent in this place.
 E = Time spent auto-exploring this place.
 F = Levels seen in this place.
 G = Mean time per level.
                   A        B        C        D        E       F      G
               +--------+--------+--------+--------+--------+-----+--------+
         Total |    279 |    279 |      0 |    101 |      0 |   2 |  139.5 |
       Dungeon |    279 |    279 |      0 |    101 |      0 |   2 |  139.5 |
               +--------+--------+--------+--------+--------+-----+--------+

Top non-repeatable levels by time:
     D:4: 240 daAuts
     D:5: 39 daAuts
